 Dungeon Crawl Stone Soup version 0.17-a0-1129-g5854844 (webtiles) character file.

12279 HEYYEYAAE the Nimble (level 11, -1/78 HPs)
             Began as an Octopode Fighter on May 24, 2015.
             Was an Initiate of Gozag.
             Slain by an orc knight
             ... wielding a +0 long sword
              (25 damage)
             ... while paralysed by an orc sorcerer
             ... on level 3 of the Orcish Mines.
             The game lasted 00:27:30 (13661 turns).

HEYYEYAAE the Nimble (Octopode Fighter)            Turns: 13661, Time: 00:27:31

Health: -1/78      AC:  3    Str: 15    XL:     11   Next: 90%
Magic:  15/15      EV:  2    Int: 11    God:    Gozag
Gold:   576        SH:  0    Dex: 15    Spells: 1 memorised, 4 levels left

rFire  + . .     SeeInvis .     w - +4 war axe (elec)
rCold  . . .     Clarity  .     b - +0 shield
rNeg   . . .     SustAt   .     (helmet restricted)
rPois  .         Gourm    +     g - amulet of the gourmand
rElec  .         Spirit   .     E - ring of protection from fire
rCorr  .         Warding  .     H - ring of protection from magic
rMut   .         Stasis   .     (no ring)
MR     +....                    L - +2 ring of protection
Stlth  +++.......               (no ring)
                                (no ring)
                                (no ring)
                                (no ring)

@: paralysed, drained, somewhat resistant to hostile enchantments, fairly
stealthy
A: almost no armour, amphibious, 8 rings, constrict 8, camouflage 1, high mp 1,
gelatinous body 1
a: Potion Petition, Call Merchant, Bribe Branch, Renounce Religion


You were on level 3 of the Orcish Mines.
You worshipped Gozag.
Gozag was noncommittal.
You were very full.

You visited 3 branches of the dungeon, and saw 17 of its levels.

You collected 3193 gold pieces.
You spent 777 gold pieces at shops.
You paid 1840 gold pieces to Gozag.

Inventory:

Hand weapons
 w - a +4 war axe of electrocution (weapon)
 J - a +2 war axe of venom
Armour
 b - a +0 shield (worn)
Jewellery
 g - an amulet of the gourmand (around mantle)
 E - a ring of protection from fire (left tentacle)
 F - an uncursed ring of teleportation
 H - a ring of protection from magic (right tentacle)
 L - a +2 ring of protection (on tentacle)
Magical devices
 k - a wand of enslavement (0)
 l - a wand of slowing (26)
 x - a wand of draining (0)
 D - a wand of heal wounds (0)
Scrolls
 a - 2 scrolls of blinking
 c - 2 scrolls of fear
 e - 2 scrolls of magic mapping
 f - 6 scrolls of remove curse
 h - a scroll of summoning
 i - a scroll of fog
 q - a scroll of teleportation
 s - 5 scrolls of immolation
 z - 3 scrolls of noise
Potions
 j - a potion of cancellation
 m - 2 potions of flight
 o - a potion of poison
 r - a potion of haste
 t - a potion of agility
 u - 2 potions of brilliance
 v - a potion of mutation {unknown}
 B - a potion of lignification {unknown}
 C - a potion of resistance
Books
 n - a book of Conjurations

   Spells                             Type                      Level
   a - Magic Dart                     Conjuration                  1
   b - Searing Ray                    Conjuration                  2
   c - Dazzling Spray                 Conjuration/Hexes            3
   d - Fulminant Prism                Conjuration/Hexes            4
   e - Iskenderun's Mystic Blast      Conjuration                  4
   f - Iskenderun's Battlesphere      Conjuration/Charms           5
 y - a book of Enchantments

   Spells                             Type                      Level
   a - Cause Fear                     Hexes                        4
   b - Silence                        Hexes/Air                    5
   c - Deflect Missiles               Charms/Air                   6
   d - Haste                          Charms                       6
   e - Discord                        Hexes                        8
 G - a book of Burglary

   Spells                             Type                      Level
   a - Swiftness                      Charms/Air                   2
   b - Passwall                       Transmutation/Earth          3
   c - Passage of Golubria            Translocation                4
   d - Lee's Rapid Deconstruction     Earth                        5
   e - Invisibility                   Hexes                        6
   f - Darkness                       Hexes                        7
Miscellaneous
 p - a fan of gales
Comestibles
 d - 9 bread rations


   Skills:
 * Level 8.9(8.3) Fighting
 * Level 8.3(7.7) Axes
 * Level 10.6(10.0) Dodging
 * Level 10.4(9.8) Shields
 + Level 3.8(3.3) Evocations


You had 4 spell levels left.
You knew the following spells:

 Your Spells              Type           Power        Failure   Level  Hunger
a - Haste                 Chrm           #.......     100%        6    #######


Dungeon Overview and Level Annotations

Branches:
Dungeon (13/15)            Temple (1/1) D:5            Lair (0/8) D:9
    Orc (3/4) D:9
    Elf: Orc:3-4     Vaults: D:13-14

Altars:
Ashenzari
Cheibriados
Dithmenos
Elyvilon
Fedhas
Gozag
Kikubaaqudgha
Nemelex Xobeh
Okawaru
Qazlal
Ru
Sif Muna
Trog
Vehumet
Xom
Yredelemnul
Zin
The Shining One
Lugonu

Shops:
D:5 *   D:6 *   D:7 [   D:10 (   D:12 *   D:13 =

Annotations:
D:13 Maurice


Innate Abilities, Weirdness & Mutations

You cannot wear most types of armour.
You are amphibious.
You can wear up to eight rings at the same time.
You can use your tentacles to constrict eight enemies at once.
Your skin changes colour to match your surroundings (Stealth).
Your rubbery body absorbs attacks (AC +1).
You have an increased reservoir of magic (+10% MP).


Message History

Unknown command.
You hit the orc knight but do no damage.
You squeeze the orc knight.
The orc knight is almost dead.
You barely miss the orc sorcerer.
You constrict the orc knight, but do no damage.
The orc sorcerer points at you and mumbles some strange words.
You suddenly lose the ability to move!
You lose your grip on the orc knight.
The orc knight hits you with a long sword!
The orc sorcerer hits you with a dagger.
The orc knight hits you with a long sword!!
The orc sorcerer gestures at you while chanting.
Helpless, you fail to dodge the bolt of negative energy.
You feel drained.
The orc is distracted by the nearby gold.
The orc shouts!
You hear a shout!
The orc knight hits you with a long sword!!
You die...
Your body crumbles into a pile of gold.

................
................o
..$..............
.................
.............o.... .
.............o..... ..
..........ooo...... ..
...........@# #.
..........###### ..
.........$$...≈# #.
.........).$$$.#### #######.
#........$###.....###.....#.
........$.###.....#.........
......$....###.$........#...
.$....$....# #...≈≈≈≈..≈###.
..........## ###..≈≈≈...# #.


You could see an orc knight, an orc sorcerer, 2 orc warriors and 2 orcs.

Vanquished Creatures
  A hill giant (D:12)
  A cyclops (D:12)
  An ugly thing (D:11)
  A manticore (D:11)
  A gargoyle (D:11)
  A slime creature (D:11)
  Grinder (D:3)
  A two-headed ogre (D:11)
  A troll (D:11)
  Sigmund (D:3)
  7 yaks
  A hungry ghost (D:7)
  2 deep elf magi (D:9)
  6 hippogriffs
  4 vampire mosquitoes (D:12)
  A warg (Orc:3)
  7 orc warriors
  2 water moccasins
  3 sky beasts
  4 ice beasts
  A black bear (D:13)
  11 ogres
  4 phantoms
  A necrophage (D:8)
  4 centaurs
  A crocodile (D:9)
  3 big kobolds
  5 giant frogs
  2 scorpions
  5 wights (D:12)
  2 crimson imps
  A giant frog skeleton (D:10)
  4 jellies (D:11)
  8 hounds
  Crazy Yiuf (D:4)
  9 orc priests
  A quasit (D:9)
  22 orc wizards
  A centaur skeleton (D:9)
  A giant frog zombie (D:9)
  Jessica (D:2)
  4 iguanas
  8 worker ants
  A sheep (D:12)
  A hound zombie (D:10)
  A hound skeleton (D:11)
  3 worker ant zombies
  Robin (D:3)
  8 adders
  4 shadow imps
  15 oozes
  An adder skeleton (D:9)
  A worm (D:2)
  83 orcs
  A bat skeleton (D:8)
  3 giant cockroaches
  14 goblins
  20 hobgoblins
  16 jackals
  3 ball pythons
  A ball python skeleton (D:4)
  7 bats
  5 giant geckos
  A giant gecko skeleton (D:9)
  2 giant newts
  A goblin skeleton (D:5)
  5 hobgoblin zombies (D:5)
  A jackal skeleton (D:4)
  30 kobolds
  4 kobold zombies (D:5)
  2 orc skeletons (D:5)
  4 quokkas
  A quokka skeleton (D:8)
  18 rats
  A fungus (D:11)
406 creatures vanquished.

Vanquished Creatures (collateral kills)
  A sky beast (D:9)
1 creature vanquished.

Vanquished Creatures (others)
  A jelly (D:11)
  A sheep (D:12)
  An ooze (D:11)
3 creatures vanquished.

Grand Total: 410 creatures vanquished

Notes
Turn   | Place    | Note
--------------------------------------------------------------
     0 | D:1      | HEYYEYAAE the Octopode Fighter began the quest for the Orb.
     0 | D:1      | Reached XP level 1. HP: 16/16 MP: 1/1
   386 | D:1      | Reached XP level 2. HP: 21/21 MP: 2/2
   691 | D:2      | Noticed Jessica
   699 | D:2      | Killed Jessica
   699 | D:2      | Reached XP level 3. HP: 14/26 MP: 3/3
   813 | D:2      | Reached XP level 4. HP: 16/31 MP: 4/4
  1507 | D:3      | Noticed Robin
  1511 | D:3      | Killed Robin
  1560 | D:3      | Noticed Grinder
  1565 | D:3      | Killed Grinder
  1565 | D:3      | Reached skill level 4 in Fighting
  1565 | D:3      | Reached XP level 5. HP: 16/37 MP: 5/5
  1565 | D:3      | Reached XP level 6. HP: 18/43 MP: 6/6
  1934 | D:3      | Noticed Sigmund
  1951 | D:3      | Killed Sigmund
  1951 | D:3      | Reached skill level 5 in Dodging
  1951 | D:3      | Reached skill level 5 in Shields
  1951 | D:3      | Reached XP level 7. HP: 41/48 MP: 7/7
  2754 | D:4      | Reached XP level 8. HP: 50/54 MP: 8/8
  3041 | D:4      | Noticed Crazy Yiuf
  3047 | D:4      | Killed Crazy Yiuf
  3075 | D:4      | Reached skill level 5 in Fighting
  3294 | D:4      | Found a sparkling altar of Nemelex Xobeh.
  3294 | D:4      | Found a basalt altar of Yredelemnul.
  3490 | D:5      | Entered Level 5 of the Dungeon
  3545 | D:5      | You fall through a shaft!
  3665 | D:6      | Found a blossoming altar of Fedhas.
  3750 | D:6      | Reached skill level 6 in Dodging
  3787 | D:6      | Found Timiu's Assorted Antiques.
  3848 | D:6      | Bought a scroll of blinking for 195 gold pieces
  4203 | D:5      | Found a staircase to the Ecumenical Temple.
  4217 | Temple   | Entered the Ecumenical Temple
  4243 | Temple   | Became a worshipper of Gozag Ym Sagoz the Greedy
  4523 | D:5      | Found Deas's Assorted Antiques.
  4545 | D:5      | Found a glowing golden altar of the Shining One.
  4706 | D:5      | Bought a scroll of enchant weapon for 210 gold pieces
  4918 | D:5      | Found a bloodstained altar of Trog.
  5385 | D:7      | Reached skill level 5 in Axes
  5385 | D:7      | Reached skill level 7 in Dodging
  5385 | D:7      | Reached XP level 9. HP: 40/61 MP: 9/9
  5641 | D:7      | Found an ancient bone altar of Kikubaaqudgha.
  5933 | D:7      | Found Lulaelo's Armour Boutique.
  6053 | D:7      | Found a deep blue altar of Sif Muna.
  6357 | D:8      | Reached skill level 8 in Shields
  6373 | D:8      | Found a sacrificial altar of Ru.
  6749 | D:8      | Noticed a wandering mushroom
  6795 | D:9      | Found a staircase to the Orcish Mines.
  6811 | D:9      | Gained mutation: You have an increased reservoir of magic (+10% MP). [potion of beneficial mutation]
  6831 | D:8      | Reached XP level 10. HP: 40/69 MP: 11/11
  7086 | D:9      | Found a staircase to the Lair.
  7258 | D:9      | Found a glowing silver altar of Zin.
  7339 | D:9      | Reached skill level 9 in Shields
  7381 | D:9      | Found a white marble altar of Elyvilon.
  7632 | D:9      | Found a shadowy altar of Dithmenos.
  7778 | D:9      | Found a snail-covered altar of Cheibriados.
  7863 | D:9      | Found a shattered altar of Ashenzari.
  8165 | D:8      | Reached skill level 1 in Evocations
  8488 | D:9      | You fall through a shaft for 2 floors!
  8629 | D:11     | Learned a level 6 spell: Haste
  8671 | D:10     | Entered Level 10 of the Dungeon
  8891 | D:10     | Found Oheuheing's Antique Weapon Emporium.
  8921 | D:10     | Noticed a hill giant
  9427 | D:11     | Noticed a cyan ugly thing
  9432 | D:11     | Killed a cyan ugly thing
  9432 | D:11     | Reached XP level 11. HP: 75/75 MP: 13/13
 10072 | D:11     | Reached skill level 10 in Dodging
 10703 | D:12     | Reached skill level 10 in Shields
 10764 | D:12     | Found Faovaq's General Store.
 11303 | D:12     | Bought a potion of haste for 160 gold pieces
 11303 | D:12     | Bought a scroll of identify for 32 gold pieces
 11321 | D:13     | Found Nianibel's Jewellery Emporium.
 11609 | D:13     | Noticed Maurice
 11706 | D:12     | Found a runed door.
 11754 | D:12     | Noticed a hill giant
 11764 | D:12     | Killed a hill giant
 12299 | D:12     | Noticed a phantasmal warrior
 12299 | D:12     | Noticed a centaur warrior
 12417 | D:12     | Noticed a hill giant
 12521 | D:13     | Bought a +2 ring of protection for 180 gold pieces
 12702 | Orc:1    | Entered Level 1 of the Orcish Mines
 13647 | Orc:3    | Noticed an orc knight
 13658 | Orc:3    | Paralysed by an orc sorcerer for 5 turns
 13661 | Orc:3    | Slain by an orc knight

Vault maps used:
D:1:      sevenhm_arrival_forest_fort_small_4
D:2:      uniq_jessica
D:3:      uniq_sigmund, uniq_robin, uniq_grinder
D:4:      gammafunk_temple_overflow_wave, serial_park_tiny_2,
          uniq_crazy_yiuf_cottage
D:5:      nicolae_tso_besieged_by_evil, minmay_temple_entry_glass, first_bread,
          serial_shops, kennysheep_mini, trog_butcher_becter
D:6:      fedhas_altar_3, serial_shops, shop, minmay_misc_feat_tiny
D:7:      kiku_gazebo_pond_becter, nicolae_overflow_hidden_temple, serial_shops,
          shop_statue
D:8:      makhleb_grotto_becter, nicolae_ru_the_path_less_chosen,
          hangedman_tree_tricks, nrook_uturn
D:9:      kennysheep_little_box, cheibriados_altar_1, lemuel_round_altar,
          ashenzari_conservatory_becter, zin_academy
D:10:     serial_shops, shop_fountains, minmay_holes
D:11:     lemuel_slime, serial_column_ruins
D:12:     minmay_st_funbox
D:13:     minmay_misc_feat_diagonals, grunt_decor_fettered, uniq_maurice,
          uniq_rupert, uniq_erolcha
Temple:   corrupted_temple
Orc:3:    serial_shops, shop, nicolae_orc_pool_cavern

Action                   |  1- 3 |  4- 6 |  7- 9 | 10-12 || total
-------------------------+-------+-------+-------+-------++-------
Melee: War axe           |    32 |    34 |   191 |   422 ||   679
       Hand axe          |       |     9 |   102 |       ||   111
       Unarmed           |       |     6 |       |       ||     6
Invok: Call Merchant     |       |       |       |     2 ||     2
       Potion Petition   |       |       |       |     2 ||     2
Evoke: Wand              |       |       |     1 |    38 ||    39
       Fan of gales      |       |       |       |     1 ||     1
  Use: Potion            |       |     2 |     5 |     7 ||    14
       Scroll            |       |    11 |     6 |    21 ||    38
 Stab: Sleeping          |     5 |     4 |    17 |     4 ||    30
       Distracted        |       |       |     1 |     2 ||     3
  Eat: Chunk             |       |     2 |     9 |       ||    11
       Beef jerky        |       |       |     2 |     1 ||     3
       Meat ration       |       |       |     1 |     5 ||     6
       Pizza             |       |       |     1 |     1 ||     2
       Royal jelly       |       |       |       |     3 ||     3
